 Dungeon Sprint DCSS version 0.27.1-33-g824d729ab1 (webtiles) character file.

Game seed: 15870317409834505763

258 Hipnos the Covert (level 6, 0/37 HPs)
             Began as a Gargoyle Brigand on Dec 1, 2021.
             Slain by a jelly (1 damage)
             ... in the Dungeon (Sprint I: "Red Sonja").
             The game lasted 00:01:07 (235 turns).

Hipnos the Covert (Gargoyle Brigand)                 Turns: 235, Time: 00:01:07

Health: 0/37       AC:  0    Str: 15    XL:     6   Next: 16%
Magic:  6/6        EV: 12    Int: 11    God:
Gold:   162        SH:  0    Dex: 13    Spells: 5/5 levels left

rFire    . . .     SeeInvis .   a - +2 dagger
rCold    . . .     Faith    .   (no shield)
rNeg     + . .     Spirit   .   b - +0 robe
rPois    ∞         Reflect  .   (no helmet)
rElec    +         Harm     .   c - +0 cloak
rCorr    .         Rampage  .   (no gloves)
Will     .....     NoTele   +   (no boots)
Stlth    +++++.....             (no amulet)
HPRegen  0.12/turn              (no ring)
MPRegen  0.10/turn              (no ring)

@: corroded
A: sickness immunity, AC +4, negative energy resistance 1, electricity
resistance, torment resistance 1, petrification resistance
a: no special abilities


You were in the Dungeon.
You visited 1 branch You collected 162 gold pieces.

Inventory:

Hand Weapons
 a - a +2 dagger (weapon)
Armour
 b - a +0 robe (worn)
 c - a +0 cloak (worn)
Scrolls
 k - a scroll of blinking
Potions
 h - a potion of haste
 i - 2 potions of magic


   Skills:
 + Level 3.6 Fighting
 + Level 3.0 Short Blades
 * Level 4.3 Throwing
 + Level 1.3 Dodging
 * Level 13.0 Stealth


You had 5 spell levels left.
You didn't know any spells.
Your spell library was empty.

Dungeon Overview and Level Annotations

Branches:
Dungeon (1/1)

Altars:
Sif Muna
Vehumet
Wu Jian


Innate Abilities, Weirdness & Mutations

You are immune to sickness and miasma.
Your stone body is resilient. (AC +4)
You are immune to poison.
You resist negative energy. (rN+)
You are resistant to electric shocks. (rElec)
You are resistant to unholy torment.
You are immune to petrification.


Message History

The jelly is heavily wounded.
The jelly looks more healthy.
The jelly barely misses you.
You hit the jelly.
Your hands burn!
The jelly is heavily wounded.
The jelly closely misses you.
You hit the jelly.
Your hands burn!
The jelly is severely wounded.
The jelly hits you but does no damage.
You hit the jelly.
Your hands burn!
The jelly is almost dead.
The jelly hits you.
* * * LOW HITPOINT WARNING * * *
The acid corrodes you!
You are splashed with acid!
* * * LOW HITPOINT WARNING * * *
There is an open door here.
You feel much better. The jelly hits you. The acid corrodes you!
You are splashed with acid!
You hit the jelly but do no damage.
Your hands burn!
The jelly is almost dead.
You hit the jelly but do no damage.
Your hands burn!
The jelly is almost dead.
The jelly closely misses you.
You hit the jelly.
Your hands burn!
* * * LOW HITPOINT WARNING * * *
The jelly is almost dead.
The jelly misses you.
You hit the jelly but do no damage.
Your hands burn!
* * * LOW HITPOINT WARNING * * *
The jelly is almost dead.
The jelly misses you.
You feel better. The jelly closely misses you.
You hit the jelly but do no damage.
Your hands burn!
The jelly is almost dead.
The jelly hits you.
You are splashed with acid!
* * * LOW HITPOINT WARNING * * *
You hit the jelly but do no damage.
Your hands burn!
* * * LOW HITPOINT WARNING * * *
The jelly is almost dead.
The jelly hits you.
You die...

################
#<.#.)'..#.)'..#
#..'..#.)'..#..+
#..#####'#####@#
#..# #..# #J#
#..# #### ##(#
#..# #_.+ #⌠⌠#
+..._# ####
#_.#+# ##+


You could see a jelly.

Vanquished Creatures
  Sigmund (D)
  An ogre (D)
  Ijyb (D)
3 creatures vanquished.

Notes
Turn   | Place    | Note
-------+----------+-------------------------------------------
     0 | D        | Hipnos the Gargoyle Brigand began the quest for the Orb.
     0 | D        | Reached XP level 1. HP: 12/12 MP: 1/1
     1 | D        | Noticed Ijyb
    14 | D        | Killed Ijyb
    15 | D        | Reached skill level 7 in Stealth
    15 | D        | Reached XP level 2. HP: 12/18 MP: 2/2
    15 | D        | Reached XP level 3. HP: 15/22 MP: 3/3
   175 | D        | Noticed an ogre
   178 | D        | Killed an ogre
   179 | D        | Reached skill level 1 in Dodging
   179 | D        | Reached skill level 10 in Stealth
   179 | D        | Reached XP level 4. HP: 28/28 MP: 4/4
   189 | D        | Noticed Sigmund
   192 | D        | Killed Sigmund
   193 | D        | Reached skill level 13 in Stealth
   193 | D        | Reached XP level 5. HP: 32/32 MP: 5/5
   193 | D        | Reached XP level 6. HP: 37/37 MP: 6/6
   205 | D        | Found an ornate altar of the Wu Jian Council.
   205 | D        | Found a shimmering blue altar of Sif Muna.
   207 | D        | Found a radiant altar of Vehumet.
   235 | D        | HP: 1/37 [acid (1)]
   235 | D        | Slain by a jelly

Illustrated notes

Levels and vault maps discovered:
D:        dungeon_sprint_1 [red_sonja_temple_1, red_sonja_temple_small_1]

Skill      XL: |  1  2  3  4 |
---------------+-------------+-----
Short Blades   | 2 3 |  3.0
Throwing       | 2 3 4 |  4.3
Stealth        | 7 10 13 | 13.0
Fighting       | 3 |  3.6
Dodging        | 1 |  1.3

Action                   |  1- 3 |  4- 6 || total
-------------------------+-------+-------++-------
Melee: Dagger            |    11 |    12 ||    23
Throw: Dart              |       |    10 ||    10
  Use: Potion            |     1 |     2 ||     3
 Stab: Sleeping          |     2 |     1 ||     3
Armor: Robe              |     4 |     6 ||    10
Dodge: Dodged            |     2 |    12 ||    14
